 Dungeon Crawl Stone Soup version 0.18-a0-1160-geb89fc2 (webtiles) character file.

286 Gruud the Chopper (level 6, -4/44 HPs)
             Began as a Demonspawn Gladiator on Jan 24, 2016.
             Slain by an ice beast (6 damage)
             ... on level 5 of the Dungeon.
             The game lasted 00:13:44 (3132 turns).

Gruud the Chopper (Demonspawn Gladiator)            Turns: 3132, Time: 00:13:45

Health: -4/44      AC: 13    Str: 17    XL:     6   Next: 8%
Magic:  6/6        EV: 12    Int:  9    God:
Gold:   287        SH:  0    Dex: 14    Spells: 0 memorised, 5 levels left

rFire  + . .     SeeInvis .     a - +0 war axe
rCold  . . .     Gourm    .     l - +2 leather armour {rF+}
rNeg   . . .     Faith    .     (no shield)
rPois  .         Spirit   .     c - +0 helmet
rElec  .         Dismiss  .     p - +1 cloak
rCorr  .         Reflect  .     (no gloves)
SustAt .         Harm     .     m - +0 pair of boots
MR     .....                    (no amulet)
Stlth  +.........               (no ring)
                                (no ring)

@: not resistant to hostile enchantments, very unstealthy
A: iridescent scales 1, demonic guardian 1, powered by pain 1
a: no special abilities


You were on level 5 of the Dungeon.
You were hungry.

You visited 1 branch of the dungeon, and saw 6 of its levels.

You collected 287 gold pieces.

Inventory:

Hand Weapons
 a - a +0 war axe (weapon)
Missiles
 d - 4 throwing nets (quivered)
 y - 8 needles of frenzy
Armour
 c - a +0 helmet (worn)
 l - a +2 leather armour of fire resistance (worn)
 m - a +0 pair of boots (worn)
 p - a +1 cloak (worn)
Wands
 r - a wand of disintegration (11/24)
 v - a wand of slowing (25/48)
Scrolls
 g - a scroll of remove curse {unknown}
 i - 3 scrolls of teleportation
 k - a scroll of amnesia
 q - a scroll of fear {unknown}
 s - a scroll of identify
 t - a scroll of fog {unknown}
 u - a scroll of blinking {unknown}
Potions
 b - a potion of curing
 e - 2 potions of ambrosia
 n - a potion of brilliance
 o - 3 potions of might
 w - 2 potions of agility
Comestibles
 f - 5 bread rations
 j - 2 meat rations


   Skills:
 - Level 2.0 Fighting
 * Level 5.8 Axes
 - Level 1.7 Throwing
 + Level 2.0 Armour
 - Level 2.6 Dodging


You had 5 spell levels left.
You didn't know any spells.

Dungeon Overview and Level Annotations

Branches:
Dungeon (6/15)
 Temple: D:4-7

Altars:
Ashenzari
Dithmenos
Okawaru
Pakellas
Ru

Shops:
D:4 (

Annotations:
D:6 M4edhros's ghost, novice OpAr


Innate Abilities, Weirdness & Mutations

You are partially covered in iridescent scales (AC +4).
A weak demonic guardian rushes to your aid.
You sometimes gain a little power by taking damage.


Message History

The ice beast hits you but does no damage.
Your white imp hits the ice beast.
Your white imp freezes the ice beast.
The ice beast completely resists.
You closely miss the ice beast.
The ice beast is severely wounded.
The ice beast closely misses you.
Your white imp closely misses the ice beast.
You closely miss the ice beast.
The ice beast is severely wounded.
The ice beast hits you. The ice beast freezes you!
* * * LOW HITPOINT WARNING * * *
Your white imp closely misses the ice beast.
The ice beast hits you but does no damage.
You barely miss the ice beast.
The ice beast is severely wounded.
Your white imp barely misses the ice beast.
The ice beast hits you.
* * * LOW HITPOINT WARNING * * *
The ice beast freezes you.
You die...

#..# ......#
##.## ... ..#
#..####.. ..#
##.#...# #.#
#.#...##.##.#
#.#...##.##.#
#.....##.##5#
##....##.##Y#
#....##.##@#
##...##.#..###
#.####......#
#.# #......#
#.####..._..##
#.#..........#
#.#..........#
##.........#..#
#............##


You could see an ice beast and a friendly white imp.

Vanquished Creatures
  An iguana (D:3)
  An orc wizard (D:3)
  A worker ant (D:5)
  A worker ant zombie (D:5)
  11 adders
  An ooze (D:3)
  2 worms
  2 giant geckos (D:3)
  6 orcs
  3 ball pythons
  4 giant cockroaches
  7 goblins
  11 hobgoblins
  6 jackals
  2 quokkas
  9 bats
  A jackal skeleton (D:5)
  7 kobolds
  A quokka zombie (D:5)
  3 rats
80 creatures vanquished.

Notes
Turn   | Place    | Note
--------------------------------------------------------------
     0 | D:1      | Gruud the Demonspawn Gladiator began the quest for the Orb.
     0 | D:1      | Reached XP level 1. HP: 16/16 MP: 1/1
    49 | D:1      | Reached skill level 3 in Axes
   138 | D:1      | Gained mutation: You are partially covered in iridescent scales (AC +4). [demonic ancestry]
   138 | D:1      | Reached XP level 2. HP: 20/22 MP: 2/2
   748 | D:2      | Reached XP level 3. HP: 19/27 MP: 3/3
   828 | D:2      | Found an oddly glowing altar of Pakellas.
   828 | D:2      | Found a sacrificial altar of Ru.
   839 | D:2      | Reached skill level 4 in Axes
  1004 | D:3      | Gained mutation: You sometimes gain a little power by taking damage. [demonic ancestry]
  1004 | D:3      | Reached XP level 4. HP: 23/33 MP: 4/4
  1469 | D:3      | Reached skill level 5 in Axes
  1575 | D:3      | Reached XP level 5. HP: 35/38 MP: 5/5
  1591 | D:3      | Found a shadowy altar of Dithmenos.
  1629 | D:3      | Reached skill level 1 in Armour
  1695 | D:3      | Found a shattered altar of Ashenzari.
  2404 | D:4      | Found Jauv's Weapon Boutique.
  2528 | D:5      | Entered Level 5 of the Dungeon
  2800 | D:5      | Found an iron altar of Okawaru.
  2842 | D:5      | Gained mutation: A weak demonic guardian rushes to your aid. [demonic ancestry]
  2842 | D:5      | Reached XP level 6. HP: 35/44 MP: 6/6
  3007 | D:6      | Noticed an orc warrior
  3007 | D:6      | Noticed M4edhros's ghost (novice OpAr)
  3107 | D:5      | Noticed an ice beast
  3132 | D:5      | HP: 2/44 [ice beast (3)]
  3132 | D:5      | Slain by an ice beast

Vault maps used:
D:1:      lightli_arrival_quake, minmay_misc_feat_nine_boxes
D:2:      grunt_temple_overflow_open
D:3:      lemuel_upstairs_altar, lemuel_crystal_altar
D:4:      serial_shops, nicolae_shop_window_shopping
D:5:      first_bread, basic_altar
D:6:      kiku_gazebo_garden_becter, lemuel_round_altar,
          minmay_temple_entry_purple_smoke, nemelex_lonely_heart_becter

Action                   |  1- 3 |  4- 6 || total
-------------------------+-------+-------++-------
Melee: War axe           |   101 |   175 ||   276
Throw: Throwing net      |     2 |       ||     2
  Use: Scroll            |     1 |     8 ||     9
 Stab: Sleeping          |       |     3 ||     3
  Eat: Chunk             |       |     7 ||     7
